 Dungeon Crawl Stone Soup version 0.28.0-1-gb440e238dd (webtiles) character file.

Game seed: 4338983245405702641

9 spaghetti the Sneak (level 2, 0/19 HPs)
             Began as an Octopode Brigand on Feb 21, 2022.
             Slain by a ball python (3 damage)
             ... on level 1 of the Dungeon.
             The game lasted 00:00:24 (246 turns).

spaghetti the Sneak (Octopode Brigand)               Turns: 246, Time: 00:00:24

Health: 0/19       AC:  1    Str: 10    XL:     2   Next: 12%
Magic:  2/2        EV: 12    Int: 13    God:
Gold:   32         SH:  0    Dex: 13    Spells: 1/1 levels left

rFire   . . .      SeeInvis .   a - +2 dagger
rCold   . . .      Faith    .   (no shield)
rNeg    . . .      Spirit   .   (helmet restricted)
rPois   .          Reflect  .   (no amulet)
rElec   .          Harm     .   (no ring)
rCorr   .          Rampage  .   (no ring)
Will    .....                   (no ring)
Stlth   ++++......              (no ring)
HPRegen 0.06/turn               (no ring)
MPRegen 0.08/turn               (no ring)
                                (no ring)
                                (no ring)

@: no status effects
A: almost no armour, amphibious, 8 rings, camouflage 1, gelatinous body 1,
(nimble swimmer 1), tentacles
a: no special abilities


You were on level 1 of the Dungeon.
You visited 1 branch of the dungeon, and saw 1 of its levels.

You collected 32 gold pieces.

Inventory:

Hand Weapons
 a - a +2 dagger (weapon)
Missiles
 b - 8 poisoned darts (quivered)
 c - 2 curare-tipped darts
Scrolls
 d - a scroll of torment {unknown}
 e - a scroll of fog {unknown}
 g - a scroll of amnesia {unknown}
Potions
 f - a potion of heal wounds {unknown}


   Skills:
 - Level 2.0 Fighting
 - Level 2.0 Short Blades
 + Level 2.8 Throwing
 - Level 1.0 Dodging
 - Level 5.3 Stealth


You had one spell level left.
You didn't know any spells.
Your spell library was empty.

Dungeon Overview and Level Annotations

Branches:
Dungeon (1/15)

Altars:


Innate Abilities, Weirdness & Mutations

You cannot wear most types of armour.
You are amphibious.
You can wear up to eight rings at the same time.
Your skin changes colour to match your surroundings (Stealth+).
Your rubbery body absorbs attacks. (AC +1, EV +1)
((You are camouflaged when in or above water. (Stealth+)))
You have tentacles for arms and can constrict up to eight enemies at once.


Message History

A ball python comes into view.
The ball python hisses angrily.
You hit the endoplasm.
The endoplasm is almost dead.
The goblin closely misses you. The endoplasm hits you.
You hit the endoplasm.
You kill the endoplasm!
The goblin hits you with a +0 dagger. The kobold misses you.
You have reached level 2!
You hit the kobold. You grab the kobold.
The kobold is severely wounded.
You constrict the kobold, but do no damage.
The goblin hits you with a +0 dagger. The kobold misses you.
You barely miss the goblin. You grab the goblin.
You constrict the kobold, but do no damage.
You constrict the goblin. The goblin hits you with a +0 dagger.
The kobold barely misses you. The ball python barely misses you.
The ball python closely misses you.
You hit the goblin. Your squeeze misses the goblin.
The goblin is severely wounded.
You constrict the kobold, but do no damage.
You constrict the goblin.
You kill the goblin!
The ball python barely misses you. x2; The kobold hits you with a +0 dagger.
* * * LOW HITPOINT WARNING * * *
You hit the kobold.
You kill the kobold!
The ball python bites you.
* * * LOW HITPOINT WARNING * * *
The ball python barely misses you.
A ball python comes into view.
Okay, then.
A bat comes into view.
A kobold comes into view. It is wielding a +0 dagger.
The bat hits you but does no damage.
You closely miss the bat.
The ball python hisses angrily.
You grab the bat. You constrict the bat. The bat misses you.
The bat escapes!
The ball python bites you.
You die...

....K.###.# #
..#..S....# . #. ###
###.##....#.# ..#.###..
...........
.........######.##....#
.........##...........#
#.................))..#
.....###.#...[........#.
#...#...#†.....@S......#
#...#...#......b.####..#
#...###.#.#....### .#
#.......#......#
##.#.#######......
.....#......#.#### ##
#......###.##.# #.
#####......... ##
...........##


You could see a bat and 2 ball pythons.

Vanquished Creatures
  An endoplasm (D:1)
  2 goblins (D:1)
  A hobgoblin (D:1)
  A quokka (D:1)
  2 kobolds (D:1)
  A rat (D:1)
8 creatures vanquished.

Notes
Turn   | Place    | Note
-------+----------+-------------------------------------------
     0 | D:1      | spaghetti the Octopode Brigand began the quest for the Orb.
     0 | D:1      | Reached XP level 1. HP: 14/14 MP: 1/1
   240 | D:1      | Reached XP level 2. HP: 11/19 MP: 2/2
   246 | D:1      | Slain by a ball python

Illustrated notes

Levels and vault maps discovered:
D:1:      lemuel_arrival_cross, layout_basic, minmay_misc_feat_chi

Action                   || total
-------------------------++-------
Melee: Dagger            ||    19
       Constrict         ||     5
       Tentacles         ||     2
       Punch             ||     1
 Stab: Sleeping          ||     1
Armor: Skin              ||     1
Dodge: Dodged            ||    16
